 Dungeon Crawl Stone Soup version 0.29.1-1-gd02db6906a (webtiles) character file.

Game seed: 165434432060400191

57740 Nonny the Eclecticist (level 14, 0/113 HPs)
             Began as a Pale Draconian Air Elementalist on Oct 15, 2022.
             Was the Champion of Kikubaaqudgha.
             Shot with an arrow by a centaur warrior (16 damage)
             ... on level 13 of the Dungeon.
             The game lasted 02:35:33 (18156 turns).

Nonny the Eclecticist (DrAE)                       Turns: 18156, Time: 02:35:33

Health: 0/113      AC: 12    Str: 14    XL:     14   Next: 46%
Magic:  15/34      EV: 12    Int: 27    God:    Kikubaaqudgha [******]
Gold:   1003       SH:  3    Dex: 12    Spells: 15/45 levels left

rFire   + + +      SeeInvis +   o - staff of air
rCold   + . .      Faith    .   D - +0 buckler
rNeg    . . .      Spirit   .   (body armour unavailable)
rPois   .          Reflect  .   (helmet restricted)
rElec   +          Harm     .   C - +0 cloak
rCorr   .          Rampage  .   p - +1 pair of gloves
Will    ++...                   z - +0 pair of boots
Stlth   +++.......              n - amulet of regeneration
HPRegen 1.08/turn               d - ring "Yzuot" {rElec rF++ Int+6 Slay+3}
MPRegen 0.24/turn               Q - ring of the Sturgeon {rF+ rC+ Will+ Str+4 SInv}

@: no status effects
A: breathe steam, AC +8, unfitting armour, cold-blooded, steam resistance
a: Breathe Steam, Renounce Religion, Unearth Wretches, Torment, Brand Weapon
With Pain, Receive Forbidden Knowledge


You were on level 13 of the Dungeon.
You worshipped Kikubaaqudgha.
Kikubaaqudgha was exalted by your worship.
You visited 3 branches of the dungeon, and saw 18 of its levels.
You also visited: Sewer, Ice Cave and Volcano.

You collected 1746 gold pieces.
You spent 743 gold pieces at shops.

Inventory:

Hand Weapons
 K - a +3 demon whip of flaming
Missiles
 j - 3 javelins
 r - 5 atropa-tipped darts
 P - 7 throwing nets
Armour
 p - a +1 pair of gloves (worn)
 z - a +0 pair of boots (worn)
 C - a +0 cloak (worn)
 D - a +0 buckler (worn)
Magical Staves
 o - a staff of air (weapon)
 L - a staff of death
Jewellery
 b - a +4 ring of protection
 c - a ring of protection from cold
 d - the ring "Yzuot" (left hand) {rElec rF++ Int+6 Slay+3}
   (You acquired it on level 3 of the Dungeon)

   [ring of intelligence]

   Int:       It affects your intelligence (+6).
   Slay:      It affects your accuracy & damage with ranged weapons and melee
   (+3).
   rF:        It greatly protects you from fire.
   rElec:     It insulates you from electricity.
 k - a ring of flight
 m - a ring of protection from cold
 n - an amulet of regeneration (around neck)
 q - the amulet of Rats {Spirit +Inv Dex+2}
   (You found it on level 3 of the Dungeon)

   [amulet of guardian spirit]

   It causes incoming damage to be divided between your reserves of health and
   magic.
   Dex:       It affects your dexterity (+2).
   +Inv:      It lets you turn invisible.
 Q - the ring of the Sturgeon (right hand) {rF+ rC+ Will+ Str+4 SInv}
   (You bought it in a shop on level 4 of the Dungeon)

   [ring of protection from fire]

   Str:       It affects your strength (+4).
   rF:        It protects you from fire.
   rC:        It protects you from cold.
   SInv:      It lets you see invisible.
   Will:      It increases your willpower.
 R - a +4 ring of evasion
Wands
 w - a wand of polymorph (29)
 A - a wand of flame (14)
 F - a wand of quicksilver (12)
 H - a wand of iceblast (21)
 M - a wand of paralysis (15)
 N - a wand of mindburst (4)
 S - a wand of digging (7)
Scrolls
 e - 2 scrolls of teleportation
 i - a scroll of amnesia
 u - a scroll of fog
 y - 5 scrolls of fear
 B - 6 scrolls of identify
 G - a scroll of noise
Potions
 a - 3 potions of magic
 f - 3 potions of resistance
 g - 7 potions of mutation
 h - 9 potions of curing
 l - 3 potions of attraction
 s - a potion of ambrosia
 t - 2 potions of cancellation
 v - 9 potions of haste
 I - a potion of heal wounds
 J - 3 potions of brilliance
 O - 3 potions of lignification
Miscellaneous
 E - a condenser vane


   Skills:
 + Level 7.4 Fighting
 - Level 7.2 Staves
 - Level 3.0 Dodging
 * Level 6.4 Stealth
 + Level 0.5 Shields
 + Level 16.0 Spellcasting
 * Level 3.5 Conjurations
 - Level 3.0 Summonings
 - Level 6.0 Ice Magic
 - Level 13.5 Air Magic
 - Level 3.0 Poison Magic
 - Level 3.0 Evocations


You had 15 spell levels left.
You knew the following spells:

 Your Spells              Type           Power      Damage    Failure   Level
a - Shock                 Conj/Air       100%       1d9       1%          1
b - Swiftness             Air            97%        N/A       1%          3
c - Static Discharge      Conj/Air       80%        3-13/arc  1%          2
d - Poisonous Vapours     Pois/Air       100%       N/A       1%          2
e - Airstrike             Air            48%        2d(7-23)  1%          4
f - Summon Lightning Spi  Summ/Air       79%        N/A       1%          4
g - Corpse Rot            Necr/Pois/Air  67%        N/A       3%          4
h - Freezing Cloud        Conj/Ice/Air   38%        6-21      3%          5
i - Lightning Bolt        Conj/Air       40%        1d59      2%          5

Your spell library contained the following spells:

 Spells                   Type           Power      Damage    Failure   Level
 Foxfire                  Conj/Fire      100%       2x1d9     1%          1
 Summon Small Mammal      Summ           100%       N/A       1%          1
 Mephitic Cloud           Conj/Pois/Air  72%        N/A       1%          3
 Call Canine Familiar     Summ           37%        N/A       2%          3
 Beastly Appendage        Tmut           42%        N/A       3%          1
 Necrotise                Necr           84%        1d8       3%          1
 Slow                     Hex            84%        N/A       3%          1
 Scorch                   Fire           42%        2d7       4%          2
 Sublimation of Blood     Necr           21%        N/A       4%          2
 Wereblood                Tmut           21%        N/A       4%          2
 Conjure Flame            Conj/Fire      31%        6-21      4%          3
 Dazzling Flash           Conj/Hex       62%        N/A       4%          3
 Spider Form              Tmut/Pois      29%        N/A       4%          3
 Summon Guardian Golem    Hex/Summ       29%        N/A       4%          3
 Silence                  Hex/Air        36%        N/A       5%          5
 Ignite Poison            Fire/Tmut/Pois 27%        N/A       6%          3
 Confusing Touch          Hex            21%        N/A       10%         3
 Gell's Gravitas          Tloc           21%        N/A       10%         3
 Inner Flame              Hex/Fire       21%        N/A       10%         3
 Portal Projectile        Hex/Tloc       42%        N/A       10%         3
 Teleport Other           Tloc           21%        N/A       10%         3
 Vampiric Draining        Necr           21%        2d7       10%         3
 Flame Wave               Conj/Fire      31%        2d9       16%         4
 Fulminant Prism          Conj/Hex       15%        3d11      16%         4
 Iskenderun's Mystic Bla  Conj/Tloc      31%        2d8       16%         4
 Anguish                  Hex/Necr       10%        N/A       30%         4
 Dispel Undead            Necr           21%        3d11      30%         4
 Leda's Liquefaction      Hex/Erth       10%        N/A       30%         4
 Petrify                  Tmut/Erth      21%        N/A       30%         4
 Irradiate                Conj/Tmut      15%        3d16      38%         5
 Summon Forest            Summ/Tloc      14%        N/A       43%         5
 Summon Mana Viper        Hex/Summ       29%        N/A       43%         5
 Maxwell's Capacitive Co  Air            48%        ∞         61%         8
 Agony                    Necr           21%        N/A       65%         5
 Borgnjor's Vile Clutch   Necr/Erth      10%        N/A       65%         5
 Lee's Rapid Deconstruct  Erth           10%        3d9*      65%         5
 Simulacrum               Ice/Necr       18%        N/A       80%         6
 Summon Cactus Giant      Summ           18%        N/A       80%         6
 Storm Form               Tmut/Air       36%        N/A       86%         7
 Death Channel            Necr           10%        N/A       99%         6
 Dispersal                Tloc           10%        N/A       99%         6


Dungeon Overview and Level Annotations

Branches:
Dungeon (13/15)            Temple (1/1) D:5            Lair (5/5) D:8
  Swamp (0/4) Lair:3        Snake (0/4) Lair:2        Slime (0/5) Lair:5
  Sewer (visited)           IceCv (visited)         Volcano (visited)
    Orc: D:9-12      Vaults: D:13-14

Altars:
Ashenzari
Cheibriados
Dithmenos
Elyvilon
Fedhas
Gozag
Hepliaklqana
Kikubaaqudgha
Makhleb
Nemelex Xobeh
Okawaru
Qazlal
Ru
Sif Muna
Trog
Uskayaw
Vehumet
Wu Jian
Xom
Yredelemnul
Zin
The Shining One
Jiyva

Shops:
D:4 *   D:6 =   D:7 *   D:10 [

Annotations:
D:7 Skeletal warrior


Innate Abilities, Weirdness & Mutations

You can breathe blasts of scalding, opaque steam.
Your pale cyan-grey scales are hard. (AC +8)
You cannot fit into any form of body armour.
You are cold-blooded and may be slowed by cold attacks.
You are immune to the effects of steam.


Message History

* * * LOW HITPOINT WARNING * * *
Unknown command.
Unknown command.
Unknown command.
Unknown command.
Casting: Shock (safe; 1% risk of failure)
Confirm with . or Enter, or press ? or * to list all spells.
Aiming: Airstrike (safe; 1% risk of failure)
Press: ? - help, Dir - move target, f/p - centaur
Aim: a centaur, wielding a +0 shortbow (almost dead, ally target, empty space bonus: 8/8)
You feel a surge of power!
The air twists around and strikes the centaur!
You kill the centaur!
Kikubaaqudgha accepts your kill.
Your lightning spire shoots out a bolt of lightning at the centaur!
The bolt of electricity hits the centaur!!
The centaur dies!
Kikubaaqudgha accepts your kill.
Unknown command.
Unknown command.
Unknown command.
There is a stone staircase leading up here.
You start to feel a little faster.
There is a stone staircase leading up here.
An arrow appears from out of your range of vision.
The arrow hits your lightning spire!
An arrow appears from out of your range of vision.
The arrow hits your lightning spire.
Your lightning spire shoots out a bolt of lightning at the centaur warrior!
The bolt of electricity hits the centaur warrior!!
The centaur warrior shoots an arrow.
The arrow hits you!
* * * LOW HITPOINT WARNING * * *
x2 An arrow appears from out of your range of vision.
The arrow hits your lightning spire.
There is a stone staircase leading up, spattered with blood here.
You no longer feel sluggish.
Your lightning spire disappears in a puff of smoke!
The centaur warrior shoots an arrow.
The arrow hits you!
You die...
Kikubaaqudgha rasps: "You have failed me!
Welcome... death!"

#......# #...#..#
#...#..# #......#
#......# #......#
#......#
+##########.....@#
.....##...#......#
.....<....#......#
..........#....§.#
##........'.#....#
#........#.#....#
#........#.c)...#
#........#.)..).#
##########......#


You could see a centaur warrior.

Vanquished Creatures
  A white draconian (IceCv)
  A dire elephant (Lair:2)
  A fire dragon (Lair:5)
  Harold (D:9)
  5 hydras
  3 death yaks (Lair:2)
  Amaemon (D:9)
  A lindwurm (Lair:5)
  Pikel (D:4)
  2 deep elf pyromancers
  2 cyclopes
  2 salamanders (Volcano)
  A manticore (D:7)
  4 elephants
  4 black mambas
  A gargoyle (Volcano)
  An orange demon (D:9)
  5 molten gargoyles
  8 cane toads
  7 rime drakes
  A kobold demonologist (D:10)
  9 komodo dragons
  2 hornets
  10 blink frogs (Lair:5)
  3 vampires
  2 wraiths (D:8)
  15 yaks
  2 shadows (D:12)
  4 fire bats (Lair:2)
  3 wyverns
  Grum (D:10)
  4 steam dragons
  5 vampire mosquitoes (D:10)
  4 basilisks
  A swamp worm (Lair:3)
  A naga (Lair:2)
  3 acid dragons
  4 hell hounds
  10 water moccasins
  2 ice beasts
  An orc warrior (D:9)
  2 sky beasts
  17 wolves
  An ogre (D:4)
  4 centaurs
  2 lemures
  A phantom (D:4)
  2 kobold brigands
  10 bullfrogs
  3 necrophages
  4 scorpions
  7 wights
  A hornet simulacrum (D:8)
  11 killer bees
  A lindwurm simulacrum (IceCv)
  4 electric eels (D:4)
  7 howler monkeys
  3 spectral centaurs (D:8)
  4 komodo dragon simulacra (IceCv)
  4 lava snakes
  4 orc priests
  7 hounds
  A gnoll bouda (D:10)
  4 iguanas
  6 orc wizards
  2 hell rats
  5 gnolls (D:10)
  3 acid dragon simulacra (IceCv)
  13 adders
  7 river rats
  A shadow imp (D:5)
  4 steam dragon simulacra (IceCv)
  9 worms
  2 dart slugs (D:4)
  24 orcs
  9 ball pythons
  6 bats
  9 endoplasms
  2 giant cockroaches
  7 hobgoblins
  A jackal (D:10)
  6 quokkas
  4 frilled lizards
  7 goblins
  15 kobolds
  17 rats
402 creatures vanquished.

Vanquished Creatures (collateral kills)
  Nessos (D:13)
  2 boulder beetles (D:12)
  5 hydras
  3 death yaks (Lair:2)
  A hell knight (Volcano)
  An ugly thing (D:12)
  3 cyclopes
  A salamander (Volcano)
  A molten gargoyle (Volcano)
  5 elephants
  A torpor snail (Lair:5)
  2 cane toads (Lair:3)
  5 komodo dragons
  A troll (D:10)
  3 polar bears
  2 tyrant leeches (D:10)
  Prince Ribbit (D:9)
  5 blink frogs (Lair:5)
  9 yaks
  2 vampire mosquitoes (D:10)
  A swamp worm (Lair:3)
  2 hell hounds (Lair:5)
  A black bear (Lair:4)
  An orc warrior (D:10)
  2 centaurs (D:13)
  A wolf (Lair:2)
  A bullfrog (D:9)
  A gnoll sergeant (D:10)
  5 wights
  2 lava snakes (Lair:5)
  A hound (D:10)
  2 gnoll boudas (D:10)
  An orc wizard (D:9)
  2 gnolls (D:10)
  3 acid dragon simulacra (IceCv)
  4 orcs
  A jackal (D:10)
85 creatures vanquished.

Vanquished Creatures (others)
  2 bushes
  28 fungi
  83 plants
  20 withered plants (D:8)
133 creatures vanquished.

Grand Total: 620 creatures vanquished

Notes
Turn   | Place    | Note
-------+----------+-------------------------------------------
     0 | D:1      | Nonny the Draconian Air Elementalist began the quest for
                  | the Orb.
     0 | D:1      | Reached XP level 1. HP: 14/14 MP: 3/3
    27 | D:1      | Starting vault: stone wall swirls
    49 | D:1      | Book of Callings
    51 | D:1      | Learned a level 1 spell: Summon Small Mammal
   166 | D:1      | Reached skill level 1 in Fighting
   171 | D:1      | Reached XP level 2. HP: 7/23 MP: 3/5
   316 | D:1      | Learned a level 2 spell: Static Discharge
   518 | D:1      | Reached XP level 3. HP: 24/28 MP: 1/6
   637 | D:1      | Found a faded altar of an unknown god.
   638 | D:1      | Faded altar in northeast corner.
   668 | D:1      | It can be reached shortly from the starting vault, even.
   772 | D:1      | Book of the Hunter
   974 | D:2      | Book of Vapours in southwest corner.
   974 | D:2      | It's in a vault with various enemies.
  1095 | D:2      | Book of Changes
  1101 | D:2      | ring of flight
  1281 | D:2      | Reached XP level 4. HP: 35/35 MP: 3/7
  1284 | D:2      | Found an ancient bone altar of Kikubaaqudgha.
  1289 | D:2      | Learned a level 2 spell: Poisonous Vapours
  1428 | D:2      | Became a worshipper of Kikubaaqudgha
  1452 | D:3      | Identified 3 scrolls of acquirement
  1452 | D:3      | Acquired an amulet of regeneration
  1459 | D:3      | Acquired a staff of air
  1465 | D:3      | Acquired the ring "Yzuot" {rElec rF++ Int+6 Slay+3}
  1477 | D:3      | ring of fire
  1496 | D:3      | >Trismegistus Codex
  1496 | D:3      | >Ignite Poison, Mephitic Cloud and Freezing Cloud
  1617 | D:3      | Orc priest and wizards
  1643 | D:3      | orb of wrath
  1714 | D:3      | Identified the amulet of Rats {Spirit +Inv Dex+2}
  1716 | D:3      | RATS RATS WE ARE THE RATS
  1847 | D:3      | Reached skill level 5 in Air Magic
  1847 | D:3      | Reached XP level 5. HP: 34/40 MP: 2/8
  1962 | D:4      | WIOXKU EGONG - teleportation
  1993 | D:4      | fizzy dark potion - might
  1993 | D:4      | GOURRA NOMOY - identify
  1994 | D:4      | GEEKOM POEVI - amnesia
  1995 | D:4      | BOUDGH SEAGYP - fog
  1996 | D:4      | POKARHO BUON - immolation
  2018 | D:4      | Noticed a phantom
  2025 | D:4      | Killed a phantom
  2026 | D:4      | Reached skill level 1 in Staves
  2026 | D:4      | Reached skill level 1 in Evocations
  2043 | D:4      | black potion - degeneration
  2045 | D:4      | emerald potion - mutation
  2046 | D:4      | clear potion - attraction
  2049 | D:4      | Found a transporter.
  2108 | D:4      | Found a transporter.
  2110 | D:4      | Lots of electric eels, just for a wand of flame (10).
  2198 | D:4      | Reached * piety under Kikubaaqudgha
  2198 | D:4      | Received a gift from Kikubaaqudgha
  2206 | D:4      | Found Sousas's Fire Supplies.
  2219 | D:4      | Interesting store vault here.
  2219 | D:4      | Abandoned shop was burned!
  2219 | D:4      | It has a rC+ ring.
  2224 | D:4      | Incredible randart ring for 743 gold.
  2233 | D:4      | Noticed an ogre
  2251 | D:4      | Killed an ogre
  2252 | D:4      | Reached XP level 6. HP: 47/47 MP: 1/9
  2252 | D:4      | FIRST OGRE SLAIN!
  2264 | D:4      | Necrophage
  2492 | D:4      | Noticed Pikel
  2585 | D:2      | Learned a level 3 spell: Swiftness
  2690 | D:5      | Entered Level 5 of the Dungeon
  2764 | D:5      | Found a staircase to the Ecumenical Temple.
  2790 | D:5      | Scorpion by temple entrance. No vault for it.
  2791 | Temple   | Entered the Ecumenical Temple
  2974 | Temple   | Temple: stone wall village.
  2974 | Temple   | Some rooms are just empty, and one has an abandoned shop.
  2987 | D:5      | >There-And-Back Book
  2991 | D:5      | Book of the SKy
  3108 | D:5      | Your scales start taking on a pale cyan-grey colour.
  3108 | D:5      | Reached XP level 7. HP: 46/52 MP: 4/10
  3108 | D:5      | Gained mutation: You are immune to the effects of steam.
                  | [Pale Draconian growth]
  3136 | D:5      | This is the draconian I wanted!
  3180 | D:5      | +0 gloves
  3218 | D:5      | ruby potion - curing
  3295 | D:5      | Found a shadowy altar of Dithmenos.
  3489 | D:6      | Identified the +1 leather armour "Zenik" {rF+}
  3560 | D:6      | +4 mace on an orc.
  3625 | D:6      | Reached XP level 8. HP: 62/62 MP: 4/11
  3673 | D:6      | Found a glowing drain.
  3689 | Sewer    | Entered a sewer
  3702 | Sewer    | Reached ** piety under Kikubaaqudgha
  3762 | Sewer    | Hell rat sewer
  3960 | D:6      | Found Ogobb's Jewellery Shop.
  3963 | D:6      | 330 gold for regen amulet
  3963 | D:6      | 330 gold for guardian spirit amulet
  3963 | D:6      | 449 gold for +5 str +4 int SInv ring
  3963 | D:6      | 858 gold for +4 slaying ring
  4123 | D:6      | Reached skill level 5 in Staves
  4152 | D:7      | FAECSE GIPRI - fear
  4153 | D:7      | HAICSY ELAT OSSE - blinking
  4194 | D:7      | Found Nideegg's Assorted Antiques.
  4196 | D:7      | Noticed a manticore
  4206 | D:7      | Shouldn't have walked towards it at all.
  4345 | D:7      | Killed a manticore
  4346 | D:7      | Reached skill level 10 in Air Magic
  4346 | D:7      | Reached XP level 9. HP: 69/69 MP: 12/12
  4351 | D:7      | Learned a level 4 spell: Airstrike
  4351 | D:7      | Steam breath really worked here.
  4364 | D:7      | 189 gold for randart rapier
  4393 | D:7      | amulet of the acrobat
  4394 | D:7      | Bullfrog sits on top of it.
  4539 | D:7      | Killer bees
  4630 | D:7      | golden potion - invisibility
  4689 | D:7      | At least two necrophages on this floor.
  4694 | D:7      | Steam dragon!
  4866 | D:7      | fuming dark potion - heal wounds
  5128 | D:7      | staff of earth
  5135 | D:7      | Reached *** piety under Kikubaaqudgha
  5135 | D:7      | Received a gift from Kikubaaqudgha
  5447 | D:8      | YAKS!
  5447 | D:8      | Noticed a death yak
  5451 | D:7      | Reached skill level 3 in Spellcasting
  5611 | D:8      | Noticed a skeletal warrior
  5769 | D:4      | Reached skill level 4 in Spellcasting
  5812 | D:4      | Killed Pikel
  5813 | D:4      | Reached XP level 10. HP: 57/77 MP: 0/16
  5815 | D:4      | He had a mere +0 whip of flaming.
  5895 | D:4      | Cleared the electric eel vault.
  5965 | D:8      | Noticed a death yak
  5967 | D:8      | Noticed a death yak
  5978 | D:7      | There is an acid dragon along that lot.
  6030 | D:6      | Not a fan of this new enemy movement and attack feature.
  6116 | D:7      | Learned a level 4 spell: Summon Lightning Spire
  6152 | D:8      | wand of iceblast (on wight?)
  6195 | D:8      | Noticed a cyclops
  6225 | D:8      | Reached skill level 5 in Spellcasting
  6435 | D:8      | Square vault in northeast.
  6442 | D:8      | Maybe this immolation scroll can make this floor easier...
  6736 | D:8      | Vault: little grassy room with tiny stream
  6736 | D:8      | Has 2 bubbling coppery potions and a dark potion.
  6781 | D:8      | Killed a cyclops
  6833 | D:8      | Found a staircase to the Lair.
  6911 | D:8      | Found the +4 dagger "Morg" {pain, Will+ Int+5}
  6918 | D:8      | Book of Necromancy
  6952 | Lair:1   | Entered Level 1 of the Lair of Beasts
  6954 | Lair:1   | TIRIKE GIRIUS - noise
  6955 | Lair:1   | XISHIATWO - vulnerability
  6956 | Lair:1   | NUSHEI JERO - enchant armour
  6957 | Lair:1   | Noticed a cane toad
  6961 | Lair:1   | Killed a cane toad
  6967 | Lair:1   | Noticed a cane toad
  6991 | Lair:1   | You fall into a shaft and drop 1 floor!
  6996 | Lair:2   | Noticed a six-headed hydra
  7006 | Lair:2   | Noticed a cane toad
  7008 | Lair:2   | Noticed an elephant
  7008 | Lair:2   | Noticed an elephant
  7010 | Lair:2   | What a visit this has been so far...
  7010 | Lair:2   | Noticed an elephant
  7025 | Lair:2   | Reached skill level 6 in Spellcasting
  7107 | Lair:1   | bubbling coppery potion - haste
  7121 | Lair:1   | staff of death
  7138 | Lair:1   | YCAPHE XA YWA - silence
  7234 | Lair:1   | Found a frozen archway.
  7262 | Lair:1   | Reached **** piety under Kikubaaqudgha
  7283 | Lair:1   | Reached skill level 7 in Spellcasting
  7283 | Lair:1   | Reached XP level 11. HP: 42/82 MP: 2/21
  7349 | Lair:1   | Lots of yaks nearby ice cave entrance.
  7350 | IceCv    | Entered an ice cave
  7351 | IceCv    | Simulacrum!
  7553 | IceCv    | Noticed a white draconian
  7633 | IceCv    | Reached skill level 5 in Stealth
  7700 | IceCv    | Killed a white draconian
  7718 | IceCv    | +0 boots
  7740 | IceCv    | ring of magical power
  7742 | IceCv    | +6 ring of strength
  7742 | IceCv    | Identified the ring of Psychosis {Ice Int+8 Dex-3}
  7746 | IceCv    | ring of ice too
  7830 | Lair:1   | Ice cave entrance is to the southeast of lair entrance.
  7941 | Lair:1   | dark potion - brilliance
  8008 | Lair:1   | Book of Alchemy
  8317 | Lair:1   | Learned a level 4 spell: Corpse Rot
  8438 | Lair:1   | Reached skill level 8 in Spellcasting
  8438 | Lair:1   | Reached skill level 1 in Poison Magic
  8873 | Lair:2   | Reached skill level 9 in Spellcasting
  8961 | Lair:2   | Reached skill level 1 in Summonings
  8967 | Lair:2   | Reached ***** piety under Kikubaaqudgha
  9059 | Lair:2   | Found a staircase to the Snake Pit.
  9169 | Lair:2   | Noticed a death yak
  9249 | Lair:2   | green potion - lignification
  9383 | Lair:2   | Learned a level 5 spell: Freezing Cloud
  9397 | Lair:2   | Noticed a death yak
  9398 | Lair:2   | Noticed a dire elephant
  9399 | Lair:2   | Noticed a death yak
  9406 | Lair:2   | Noticed a death yak
  9475 | Lair:3   | Book of Scorching
  9569 | Lair:3   | Reached XP level 12. HP: 60/92 MP: 17/25
  9603 | Lair:3   | Reached skill level 10 in Spellcasting
  9603 | Lair:3   | Reached skill level 1 in Ice Magic
  9644 | Lair:3   | Noticed an eight-headed hydra
  9779 | Lair:3   | Noticed a six-headed hydra
  9788 | Lair:3   | Killed a six-headed hydra
  9793 | Lair:3   | Noticed an eight-headed hydra
  9811 | Lair:3   | Killed an eight-headed hydra
  9812 | Lair:3   | Reached skill level 5 in Fighting
  9817 | Lair:3   | Hydras have come so close to killing me...
  9817 | Lair:3   | Lightning spires have been doing a lot of work here.
  9929 | Lair:3   | Killed an eight-headed hydra
 10004 | Lair:3   | Found a dark tunnel.
 10012 | Lair:3   | Volcano entrance in the northeast.
 10012 | Lair:3   | It's a bit easy to miss!
 10015 | Volcano  | Entered a volcano
 10032 | Volcano  | Reached skill level 11 in Spellcasting
 10196 | Volcano  | This volcano level is very interesting.
 10196 | Volcano  | It must be a new one.
 10308 | Volcano  | Beware of hell knight and deep elf pyromancer on the west.
 10308 | Volcano  | At the very least.
 10314 | Volcano  | +3 demon whip of flaming
 10333 | Volcano  | Noticed an orb of fire
 10335 | Volcano  | Noticed an orb of fire
 10341 | Volcano  | Yeesh!
 10341 | Volcano  | It's just a prank, bro.
 10364 | Volcano  | +1 battleaxe of flaming
 10436 | Volcano  | I guess this is one of those saunas, huh?
 10436 | Volcano  | HA!
 10454 | Volcano  | Reached skill level 12 in Spellcasting
 10502 | Volcano  | +0 SInv helmet
 10505 | Volcano  | Also potions of haste.
 10708 | Lair:3   | +3 scimitar
 10718 | Lair:3   | Noticed an eight-headed hydra
 10734 | Lair:3   | Killed an eight-headed hydra
 10910 | Lair:3   | Noticed a five-headed hydra
 10918 | Lair:3   | Killed a five-headed hydra
 11056 | Lair:3   | Found a staircase to the Swamp.
 11174 | Lair:4   | YRINTO VUALONY - magic mapping
 11174 | Lair:4   | Took long enough to find that one!
 11267 | Lair:2   | Killed a six-headed hydra
 11268 | Lair:2   | Reached XP level 13. HP: 103/104 MP: 15/29
 11344 | D:4      | Bought the ring of the Sturgeon {rF+ rC+ Will+ Str+4 SInv}
                  | for 743 gold pieces
 11472 | Lair:2   | Killed a dire elephant
 11773 | Lair:2   | +2 falchion of flaming for all that trouble. :/
 11839 | Lair:2   | Reached skill level 13 in Spellcasting
 12137 | Lair:4   | Vault: deep water and lava
 12512 | Lair:4   | scarf of harm
 12520 | Lair:4   | I'd rather take the plain cloak.
 12651 | Lair:4   | murky white potion - cancellation
 12876 | Lair:4   | lumpy amethyst potion - ambrosia
 13133 | Lair:5   | Entered Level 5 of the Lair of Beasts
 13303 | Lair:5   | smoky pink potion - resistance
 13604 | Lair:5   | Reached skill level 14 in Spellcasting
 13895 | Lair:5   | Found a staircase to the Slime Pits.
 13897 | Lair:5   | Found a viscous altar of Jiyva.
 14045 | Lair:5   | I am anticipating an elaborate end vault...
 14111 | Lair:5   | Reached ****** piety under Kikubaaqudgha
 14232 | Lair:5   | Reached skill level 5 in Ice Magic
 14267 | Lair:5   | Found a large runed translucent door.
 14268 | Lair:5   | Found a large runed translucent door.
 14268 | Lair:5   | Noticed a fire dragon
 14270 | Lair:5   | Fiery ending. Lots of reptiles!
 14403 | Lair:5   | Reached XP level 14. HP: 113/113 MP: 5/32
 14469 | Lair:5   | Reached skill level 15 in Spellcasting
 14645 | Lair:5   | Killed a fire dragon.
 14665 | Lair:5   | 132 gold pieces in the dragon's vault.
 14665 | Lair:5   | Also some leather armour.
 14939 | D:9      | amulet of faith
 14951 | D:9      | Book of Flames
 15112 | D:9      | Found a basalt altar of Yredelemnul.
 15113 | D:9      | Found a hazy altar of Hepliaklqana.
 15116 | D:9      | Found a sacrificial altar of Ru.
 15117 | D:9      | Found a shimmering altar of Xom.
 15121 | D:9      | Found a glowing silver altar of Zin.
 15167 | D:9      | Noticed Amaemon
 15182 | D:9      | Found an iron altar of Okawaru.
 15192 | D:9      | Killed Amaemon
 15193 | D:9      | Well, that was easy.
 15225 | D:9      | Found an opulent altar of Gozag.
 15227 | D:9      | I think that's the first orc warrior in this game.
 15227 | D:9      | Found a snail-covered altar of Cheibriados.
 15229 | D:9      | Found a glowing golden altar of the Shining One.
 15236 | D:9      | Found a stormy altar of Qazlal.
 15417 | D:9      | Noticed Prince Ribbit
 15422 | D:9      | Killed Prince Ribbit
 15539 | D:9      | Book of Lightning
 15545 | D:9      | Learned a level 5 spell: Lightning Bolt
 15896 | D:9      | Noticed Harold
 15904 | D:9      | Killed Harold
 15905 | D:9      | >Harold falls down, and clutches his wounds. "But I was
                  | going to get a nice plot of land..."
 16037 | D:9      | He has a +3 chain mail of cold resistance.
 16043 | D:9      | staff of conjuration
 16245 | D:10     | Entered Level 10 of the Dungeon
 16269 | D:10     | Maybe I should have gone for Vehumet.
 16292 | D:10     | Book of the Senses
 16379 | D:10     | Noticed Grum
 16380 | D:10     | Interesting Grum vault.
 16383 | D:10     | LOL he is wielding a -1 spear
 16384 | D:10     | Killed Grum
 16614 | D:10     | What's with all of these Swamp enemies?
 16657 | D:10     | Found the +8 Vampire's Tooth {vamp}
 17081 | D:10     | Found Rokap's Armour Shoppe.
 17085 | D:10     | 264 gold for +1 chain mail with regen+
 17330 | D:10     | You fall into a shaft and drop 2 floors!
 17334 | D:12     | Landed right on top of a condenser vane.
 17355 | D:12     | Very open floor it seems like...
 17442 | D:12     | Book of the Wilderness
 17483 | D:12     | +4 ring of evasion
 17632 | D:12     | wand of digging (7)
 17864 | D:12     | Reached skill level 16 in Spellcasting
 18067 | D:12     | Very open floor!
 18120 | D:13     | Noticed Nessos
 18132 | D:13     | Killed Nessos
 18144 | D:13     | Yeesh!
 18147 | D:13     | Okay. I played really sloppily here.
 18156 | D:13     | Shot with an arrow by a centaur warrior

Illustrated notes ##### ####...# #..#.#.# #.##.#### #.......## #'##.....# #........#### #.##.###@...# #.<#.#.#.##!# ####...### # ##### Turn 27 on D:1: Starting vault: stone wall swirls ####...####.# ########(##.# #..........# #.#.###.#### #.#.# #.# # #.#.# #.# #. #.#.# #.# #.###.#.# #.# #.@..#.# #.. #...#.###.# ## #.$ ##. ..# #. ## .$ .. . Turn 49 on D:1: Book of Callings ################# ................# .#########.####.# .# #...##.## .# #.#....@# .# #.'''''.# .# #.'''''.# .# #.''_''.# .# #.'''''.# #.'''''.# #.......# #######.# Turn 638 on D:1: Faded altar in northeast corner. .# ##.# .# ##### #..# .# ####...# #.## .# #..#.#.# #.# .# #.##.#### #.# .# #.......## #.# .# #'##.....# #.# .######........#####.# ......#.##.###..@.##.# ......#.<#.#.#.##.##.# ##.#######...####.##.# #.# ############(##.# #.# #..# #..........# #.# #..# #.#.###.#### #.# #..# #.#.# #.# #.# #..# #.#.# #.# ##.###..# #.#.# #.# Turn 668 on D:1: It can be reached shortly from the starting vault, even. .# #.# #.# #.# #.''_''.# .# #.# #.# #.### #.'''''.# .# #.# #.# #...# #.'''''.# #####.# #.# ###.# #.......# ...>..# #.# #.# #######.# ####### #.# #.# #.# #.# #.# #.# #.# #.# #.# #.# #@# #.# #.# #.# ##.# #.# ######## #..# #.# ####...# #.## #.# #..#.#.# #.# #.# #.##.#### #.# #.# #.......## #.# #.# #'##.....# #.# ########.######........#####.# Turn 772 on D:1: Book of the Hunter #.#### ##### #....##..... ####....# ##..### ###.##$# ##....#.# # ##..#.##.## .# #..####...#### ..## #.##$...@...[##... #..####...#†##..#.# ##..#†##.##)#..#..# ##....#.#.......# ###.##[##....### #..###..#### ##..#..## ##...## ##### Turn 974 on D:2: Book of Vapours in southwest corner. ##.#.................# #...###.#....######.## #..####.####.# ##...### #.......# #.# #......# ###.###### #.# ##...#.# ........#####.######.##.# #.#.###.##.......# ####.# #....##.##.......# #.# #.#.....##......@# #.# #.####..##...>...# #.# #.####..##..=....# #.# #.......##.......# #.# ######.###.......# #.# #.########### #.# #.#......# #.# #.#.####.## #.# #.#....#..## #.# Turn 1095 on D:2: Book of Changes ..## #..####.####.# ##...### ...# #.......# #.# #......# ...####.###### #.# ##...#.# #...........#####.######.##.# ..#.#.#.###.##.......# ####.# .#..#....##.##.......# #.# ...##.#.....##.......# #.# .####.####..##...>...# #.# ## #.####..##..@....# #.# #.......##.......# #.# ######.###.......# #.# #.########### #.# #.#......# #.# #.#.####.## #.# #.#....#..## #.# #........#.#######.# ###.....###........# Turn 1101 on D:2: ring of flight #.#####.. ## ........ ...#......# . ..#......# .. .......>.###... #.....!...... ###...)...#... #.$....@.##.# ..#:.....#..# ###.......#.. #.###........... .?..>..)<....... ...#...#######.. ....... . ....... #####.# Turn 1477 on D:3: ring of fire ##.#####..# .. ###......... .#. ....#......# .#.. #..#......# ..... ........>.###...#.# #..............# ###...)...#†.....# #.$......##.#..... #...#@.....#..# .... ... ###.......#..... #.###........... .. .?..>..)<....... # ...#...#######.. ........ . .......# #####.## #. Turn 1496 on D:3: >Trismegistus Codex ............# .... ........##.## #..# !......or...##..# .....##.#[#....# ####.....o.#..## #.#.......)## ##.#.........## ........[.....# . ##..........@.# .## ... ......#.......## ..# ... .............†..###.# .... #.#####...##......##.# ..... #. #....#......##.###..... ##.#####..#.#.......#......... ##.........#.#...#............. ...#......##.##.#...#.#.##.... #..#......##........#.#.# # Turn 1617 on D:3: Orc priest and wizards ###### #..... #..... #....( #..... #..... #..K..## # #$.@# # ###.## # #..## ### ##..# ###.. ##.## ....# #..## ....... ##..####..#.#### ##......##.#### #...#......... Turn 1643 on D:3: orb of wrath ## ... ### ... #.###### .... .... #......##...# ....####.#.......... .....................# #. ..............$.... ... #................###.# .# #.......@....... .... .. #..............##... #.## ####.................# .... ######................##.## #..# ##........................##..# #..................##.#[#....# .........#########.......#..## .........# #.#....o..)## #........# ##.#.........## Turn 1716 on D:3: RATS RATS WE ARE THE RATS .# ##.# #... #..# #..####.# #.......# #......# #@# #.# #.. #.## #.# #.. ### Turn 1962 on D:4: WIOXKU EGONG - teleportation .# ##.# #... #..# #..####.# #.......# #......# #@# #.# #.. #.## #.# #.. ### Turn 1993 on D:4: fizzy dark potion - might .# ##.# #... #..# #..####.# #.......# #......# #@# #.# #.. #.## #.# #.. ### Turn 1994 on D:4: GEEKOM POEVI - amnesia .# ##.# #... #..# #..####.# #§§§....# #§§§...# #@# #§# #§§ #.## #.# #.. ### Turn 1995 on D:4: BOUDGH SEAGYP - fog .# ##.# #... #..# #..####.# #§§§....# #§§§...# #@# #§# #§§ #.## #.# #.. ### Turn 1996 on D:4: POKARHO BUON - immolation .# #.# ###.#### #....@.# #.#.##.# #... #.# #.# #..# #.# §.# ########..###.# .# #.............# §# #.#######.##### .# #.# #.# .# #.# #.# Turn 2043 on D:4: black potion - degeneration .# #.# ###.#### #....@.# #.#.##.# #... #.# #.# #..# #.# §.# ########..###.# .# #.............# §# #.#######.##### .# #.# #.# .# #.# #.# Turn 2045 on D:4: emerald potion - mutation .# #.# ###.#### #....@.# #.#.##.# #... #.# #.# #..# #.# §.# ########..###.# .# #.............# §# #.#######.##### .# #.# #.# .# #.# #.# Turn 2046 on D:4: clear potion - attraction .....$... ...©..... #######.# #8.©.8#.# #P./.P#.# ###+###.# #~)..~#.# #~...S#@# #~~~~S#.# #~~⌠~~#.# ..###...#~~PPS#.#### #.#.....#~~P~S#....# ##.......#~~~~~#.##.# ......#.###+###....# .#...#...#P.(.P#.##.# ........#8.©.8#.##.# Turn 2110 on D:4: Lots of electric eels, just for a wand of flame (10). ###### #.... ##..## ♣♣....♣♣ #♣♣......♣♣ #.§.⌠@.⌠.∩♣ #♣♣..^...♣♣ ♣♣....♣♣ #####..## #.......# #.##.##.# ###.##.# .# #......# .# #.#.#### .# Turn 2219 on D:4: Interesting store vault here. ###### #.... ##..## ♣♣....♣♣ #♣♣§.....♣♣ #.§§⌠..⌠.@♣ #♣♣§.^...♣♣ ♣♣....♣♣ #####..## #.......# #.##.##.# .. ###.##.# .# #. #......# .# #. #.#.#### .# #. Turn 2224 on D:4: Incredible randart ring for 743 gold. ?.# .> .. .##.# ############....# #.............# ##..#######.#....# ♣♣.)..♣♣ #.#.#..# #♣♣§.....♣♣ #.#.. ... #.§§⌠@.⌠.∩♣ #.###. .g #♣♣§.^...♣♣ #.# .. # ♣♣....♣♣ ... .. #####..## ... ... #.......# .## #.##.##.# ###.##.# .# #......# .# #.#.#### .# Turn 2252 on D:4: FIRST OGRE SLAIN! .# #.# Jn# ?.# # .> .. .##.# ############....# #....@...n....# ##..#######.#....# ♣♣.)..♣♣ #.#.#..# #♣♣§§....♣♣ #.#.. ...# #§§§§..⌠.∩♣ #.###. .g. #♣♣§.^...♣♣ #.# .. ## ♣♣....♣♣ ... .. #####..## ... ... #.......# .## Turn 2264 on D:4: Necrophage ..:. ### #. ..... ..### #. ....####... #. .........# #. #.......# #. #.......# #.#######.......## #.....#.'........###### #..##.#.#......@........ ##..##.#.#.......)....... ....##.#.#............... ###.##.#.#............... .........########.......# ##.###.### #......## #.....# ######## ####### Turn 2790 on D:5: Scorpion by temple entrance. No vault for it. ######################### ................@.......# #'##############..#####.# #..#...#.._.#..'..#...#.# #..#._.#....#..#..'.∩.#.# ####...#'#######..#...#.# #_.#...#.#._#..#.######.# #..###'#.#..#._#.#..._#.# #'##..⌠..##'#..#.#....#.# ............##'#.'....#.# Turn 2974 on Temple: Temple: stone wall village. ..!..# ##.....# .......# #......# .#######......# ..............# ..............# #....:..@...### #..........#...### #.........####...+ #...............# #.#######.......# #. #.......# #.#######.......## #.....#.'........###### #..##.#.#......>........ Turn 2987 on D:5: >There-And-Back Book ..!..# ##.....# # .......# .. #......# ...#######......# ................# ................# #....@......### #..........#...### #.........####...+ #...............# #.#######.......# #. #.......# #.#######.......## #.....#.'........###### #..##.#.#......>....... Turn 2991 on D:5: Book of the SKy . .. ######## ... #......######### oo.. #.####.#..@....# ...[. #.####)#.#####.####o..... #....#)#.#####...oo.# ####.#)#.##....###### #.#.).).>.....# #.#<..#####.#.# #.####### #.#... #.......# #.# #.# #########'###.# ... Turn 3136 on D:5: This is the draconian I wanted! ######## #......########### #......#.........# #......#.........# ## #......'.........+ .# ##...[..#...@(....# .####.................# ......####.###.###....# .###### #.# #.# ....# ...# #.# #+# ...# .#.# #.. #### .#... #.# .# #.# #.# .# ... .# Turn 3180 on D:5: +0 gloves ######## .......# .......######## .......'.....># .......#+####'###### ...................# ...................# #######............# #.........@..# #............# #######+###### Turn 3218 on D:5: ruby potion - curing ###........# #########...# #..........#####...........# #..........#.....# #........ #..........#.....# #..o..... #.......####.....# #........ #.......'........###........ #.....[.####....o.o......... #.......####)###...o..~....# #......#..)@.# #..~.~~~~~... ######.....##.##### #.~~#~#~####. #.......#.....# #.†~~~~~~~~# #.#####<......# #.########~# #........# #.# # ........... #.# ............ ..# ..).......... #.# #....>....... #.# Turn 3560 on D:6: +4 mace on an orc. ###~~~### #~.~.~.~# ##~.~~~.~## #.~.###~~.# ##~~##~##~.## #~~~#.~~#..†# #~~##!.~##~.# #.~#??~~.#.~# #∩∩#∩!~~†@~~# #..#!!~~.#.~# #~.##?~~##†~# #~††#~.~#..~# ##~.##.##~~## #~..###..~# ##.~.~~~.## #..~.~~~# ###~.~### Turn 3762 on Sewer: Hell rat sewer ........................ ........................ ........................ ...............)........ ........................ ........................ #.......†..#.######## #..#'#..#....# # +@+.....### #+#.....# ....##### .....# ###### Turn 3963 on D:6: 330 gold for regen amulet #.. #.. #.. ##..## #..... ....# #..# #.@# ........# ###.....# ###...# ###.. ##. . .# Turn 4152 on D:7: FAECSE GIPRI - fear #.. ##..## ####..... ..$.....# ....##..# .....#.§# ........# ###.....# ###..@# ###..# ##..# .Y.# .#.# .### .. .. Turn 4153 on D:7: HAICSY ELAT OSSE - blinking ##..#.#..## ##...##### ###..#.# .##....##### .........##.# ...###....#.# .. #..>#..####### . ##.....##....# #...@...#...# ##.....####### #.......## #......##..## .....## #...##### ....# ##...#..# .# ...# ##..H..##...# ..# ##...>.....# #........... Turn 4206 on D:7: Shouldn't have walked towards it at all. ...!. ##...##### ###..#.# .##....##### .........##.# ...###....#.# .. #..>#..####### . ##.....##....# .... #.......#...# #..## ##..@..####### # #..####.......## .## #..##......##..## ...# ##........####...##### #..##........## ##...#..# .# #.))..#....## ##.†...##...# ##.).###..## ##...>.....# ##)####..## #........... ##.#......## ##......∩... Turn 4351 on D:7: Steam breath really worked here. #.....####### .......## ....##..## # ..####...##### ## .. .## ##...#..####.# ... ## ##.†...##...# .... # ##...>.....#../.# # #.............# ## ##......@....# .## #...#........# ..######.[.###........# #..#.......# ##....#...# ##....###... .....# ... #..### ##.. .....## .. ##.## ##.... . #..# ##...# #.## Turn 4364 on D:7: 189 gold for randart rapier #### ##..######.[.###........# # ##..#.......####....#...# # ##....###...#......##...# # #..### ##........## #...# # ##.## #...##.... #... # #..# #..####...# #.. # #.## #.## ##..# #. . ##.# ##.# . #.## #@## #.# #.# #.# ### #.# ### Turn 4393 on D:7: amulet of the acrobat .<###..## ##...#........# ### ##..######.[.###........# ##..#.......####....#...# ##....###...#......##...# #..### ##........## #...# ##.## #...##.... #...# #..# #..####...# #... #.## #.## ##..# #. ##.# ##@# #.## #.## #.# #.# #.# ### #.# ### Turn 4394 on D:7: Bullfrog sits on top of it. ... ... .... ..... ...# .....S. ..## ......y #.#### ......y ##yyy@# ....... ##..#### .......##..## .......#..## .........## ........## ### ........#####.# #####...#....## ###.....## Turn 4539 on D:7: Killer bees #### ### ##..## #.# #....####.## #@###......# #.# ###....# ..# #....### .... #......# ..... ##....### ....... #....## ######.. #....# #....#...### ...........### Turn 4630 on D:7: golden potion - invisibility ## ### ##. #### #.## #.# ##..## ##.###.# #....### ##.....# ###.##...###....... #.@####.........).. #..# ###...###.... ...## #..## ##... ##.. #..# ##.. ##. #...# ##. #. ....# #.. .. #..... #.# .. #...#. .. ##.. # #.( Turn 4689 on D:7: At least two necrophages on this floor. ## ### #. #### #.# #. ##..## ##. #.## #....### ##. #..# ###.##...###.. D #..# #..####....... ....#.@###..# ###...## #........## #..## ##...##...# #..# ##.####..# #...# #.. #.... ....# #... ...####..... #... ..## #...#. .... ..# ##.. # ... .# Turn 4694 on D:7: Steam dragon! ......###..#####).....#..###..# ......# ##..#..).####........## .....## ##..))### ##...##...# ...!.# #..### ##.####..# ....## #...# #...# #.... ...| ##...# #.........### #....## #........## ##.....#####.........# #...#...@........###.# #................ ........#######... .######.# . ## #.# #. #.. ###. #.. ... #.. #.. #.. Turn 4866 on D:7: fuming dark potion - heal wounds ### # #...# ##...###.# #...# ##....#..## # ##..###....# #F #...# #..### #.. ##..## #..# .#.. ##..## #..# #....###..## #..# #.......# #..## ###..@..######...#### #............##...# ##$.........# ##.## ##..#####..# #.## #..# ##.# #.# #..# #.###.# ##..# ##..#.## .....## #.....## .......##..###.## Turn 5128 on D:7: staff of earth ...#.♣ . ..... ..#....♣♣ ......♣ .....♣ #.#.♣♣ #....♣ ♣ ##.##.@Y###...# .........Y.YY... ###......#<..... #..###.. ..### .... #..# .# .... .... .# ... .##.. .. ... # #.. # #. Turn 5447 on D:8: YAKS! ...##.#######....#.# #........ ..###.## #......# #.###.##. .###...# ##...### ####.###.##. ## ##.## #...# #.........## ####.#### #...# #.##......## #.......# #...# #.##........ #.......#####...#####.........## #........§§§...........##.....## #..............@................ #......5...§.....©.....####.#### #.......#####.#######.## #.# # #.......# #.#8.©.8#.# ###.#### #####.#### #.#P./.P#.# #......# ...#...## #.###+###.# #.#.##.# ......>.## #.#S)..S#.# #...##.# #........# #.#S...~#.# #....... .<.......# #.#~S~~~#.# #....... Turn 5815 on D:4: He had a mere +0 whip of flaming. .#...## #.###'###.# #.#.##.# ....>.## #.#~)..†#.# #...##.### .......# #.#†...†#.# #......... .......# #.#~~~~~#.# #......... .......# ###.#~~⌠~~#.# #........> .......###...#~~PP~#.####........ #....#.#.....#~~P~~#....##....... #.####.......#~~~~~#.##.##....... #.##.......#.###@###....##....... #.##.#...#...#P.(.P#.##.######### #............#8.©.8#.##.# #######..##..#######....# ###.)###....©....##.# #.............#####.# #.##.#.......## ###.#### ##.##.#......## #....!.# #.....#......# #.#.##.# Turn 5895 on D:4: Cleared the electric eel vault. ##.## ##..###....# #..>#..####### #..# ##.....#...## ##.....##....# ######.####.....# #.......#...# #...## ###..## ##.....####### ##.#..## ##..####.......## ##.###..### #..##......##..## #.## ##...####........####...#### ### ###..##....h...## ##...#.. ##.))..#@h..## ##..... ##.).###..## ##...> ##[####..## #.... ##.#......## ##... #####..).<###..## ##...# #######......#### ##..######.[.## ............## ##..#.......## ##...........# ##....###...# #............# #..### ##... Turn 5978 on D:7: There is an acid dragon along that lot. #......#..[).# #..~. ######.....##.##### #.~~# #.......#.....# #.~~~ ####.#####<......## #.### #....#####........#### #.#.# #....##..............###.#~# #....##..................#~# #....'...)............##.#~# #....##....@..........##.#~# #.............###.....##.#~# #.............# #....###.#~~ ###...........# #........### #...........# #....##..### ###...........# #....##..... #.............# #....##).... #.............# #....##..... #.............# #....##..... Turn 6030 on D:6: Not a fan of this new enemy movement and attack feature. #.# #.# #.# #.# #.# #.# #.###.## #.##.[.#####.. #.<..#.......# #### #.)#...#####.. #... #..##.## #.... ###@....# ##....####.......# .................# #.....z...####### #.....##### ....... ♣.##... ♣ #### Turn 6152 on D:8: wand of iceblast (on wight?) ################# ##...............# #..##.#######.##.# #.##...#####...#.# #.#..#.......#...# #.##...#####..@#.# #.###.## ##.##.# #.# #.# #.##.# #.# #.# #.##.# #.# #.# #.##.# #.###.## ##.##.# #.##.[.#####...#.# #.<..#.......#...# #.[#...#####...### Turn 6435 on D:8: Square vault in northeast. #.#..#.......#...# #.##...#####...#.# #.###.## ##.##.# #.# #.# #.##.# #.# #.# #.##.# #.# #.# #.##.# #.###.## ##.##.# #.##.[.#####...#.# #.<..#.....@.#...# # #.[#...#####...### # #[.##.## ##.## # ###[....# ### ####.......# .[.........# .....####### .##### .##### Turn 6442 on D:8: Maybe this immolation scroll can make this floor easier... #>##.##...## ... #. #.#..###...# ... ... #...####'### ..## #.### #...# .. #.# #.~.# ### #.~.# #.~.# #.~.# #..@# ##### Turn 6736 on D:8: Vault: little grassy room with tiny stream .#####.###..♣♣#.....#....# #[. .......###...♣♣.#####....# ###[. ###.......♣...♣.#####....####.... ....##....♣...♣..Y.....Y..[...... ###.##....♣...♣.....#.........### ....#.....♣...♣♣....#.....##### ##......#.♣♣...♣♣♣♣.......##### ......(....♣......♣♣.##.....[.# ..#...#....♣♣...@..♣.########.# #####.......♣...)8:♣♣# #.## # ###.......♣.......♣ ####..## ###...#.#.#.♣♣.♣..♣♣♣ #....... #...###.#....♣♣♣♣♣♣♣ #....... ....###.##.<.###...#######>...... .##..................Y......##### #######......#<.................. #####..###.....#####....######. Turn 6918 on D:8: Book of Necromancy .#. ... . .#. ... #. ..# #.. #. ..###.. #. ..... . .. ... #...#.#.#+###.. #.....@.....# #.#.#.#......+ .. ##.##### ... .. .#. $## #. .# # .# .# Turn 6954 on Lair:1: TIRIKE GIRIUS - noise .#. ... . .#. ... #. ..# #.. #. ..###.. #. ..... . .. ... #...#.#.#+###.. #.....@.....# #.#.#.#......+ .. ##.##### ... .. .#. $## #. .# # .# .# Turn 6955 on Lair:1: XISHIATWO - vulnerability .#. ... . .#. ... #. ..# #.. #. ..###.. #. ..... . .. ... #...#.#.#+###.. #.....@.....# #.#.#.#......+ .. ##.##### ... .. .#. $## #. .# # .# .# Turn 6956 on Lair:1: NUSHEI JERO - enchant armour ...# P..... .... ###.....# .Y... ......... ...P. #P.....# .Y.... #P.....# #...... #.....# ##F...... #.....#######@#....# ##..........hhh.....# #.........h...h.....≈. ##.....#.#.P≈≈§....... ####....#..hN..§≈§....§§ .P.P..........§§§.....≈≈ ................≈...(.§§ ..........#.≈≈b≈§....... $...................... Turn 7010 on Lair:2: What a visit this has been so far... ..#..........#.#.#.#.#... .........#.#.#.#....##.# . .#......#.#...#...#..... .. #.......#.#...#.....>.# ... #............#........# .... #.....########........# .....#.....# ## #........# ...........##..####......... #.#.#.....@...............# ...........#.#P.#..........# ..........^#... # .......... ...........#.[..+ ......... ...........#....# ......... #.##.####..#....# P######.# # ## #..#....# ......... #..#..... ....?.... ... #........ Turn 7107 on Lair:1: bubbling coppery potion - haste #.#.#.....................## ..........#.#P.#..........####### .........^#....#................. ..........#.[..'................. ..........#....#................. .##.####..#....#..P######.##..... ## #..#....#...........+..... #..#...........?....#†.... ...#P.#.@.#........#..... ..........#........#..#.# ..#.####..#........#..#.. . #..#...........#.. #..#(.......#... . #...........#..P. #...........#..#. #..#+ P..... Turn 7121 on Lair:1: staff of death ....##..####.........# ....................## ....#.#P.#..........########## ...^#....#.................... ....#.[..'.................... ....#....#.................... ##..#....#..P######.##........ #..#....#...........+........ #..#...........@....#†....... ...#P.#.|.#........#........ ..........#........#..#.###. ..#.####..#........#..#... . #..#...........#....# #..#........#... ...# #...........#..P. ..+ #...........#..#. #..#+.P####.P..... Turn 7138 on Lair:1: YCAPHE XA YWA - silence ............................# ................####†###....# #.##...........#≈.≈†## ...# ...+.............≈.≈# # ...#†.............#≈## ...#...........#.†≈#≈# ...#..#.###...≈#...≈#.#. ...#..#....#..≈#.....≈.. ......#....#..≈#@........ ...#... ...#..≈#####...... ...#..P. ..+..≈ ...### ...#..#. P.## ...# ##.P..... ## P.. . .. ... ... Turn 7349 on Lair:1: Lots of yaks nearby ice cave entrance. ##### ##...## ##..∩..## #.......# #...@...# ##.....## ##...## #...# Z.Z## #.Z.# ##... ##.. Turn 7351 on IceCv: Simulacrum! #### ##... ##.... ######## ### ##..### .###$$$@$$####.###..## =..=..$.$...#....#.## .==........##.##...# ..........###..##### ##......###.##...# ###.....#......## ####...)..#### ######## Turn 7718 on IceCv: +0 boots # ## # ######## ### ##. #..###......####.###.. #=..@........#....#.# #..==........##.##...# ##..........###..##### ###......###.##...# ###.....#......## ####...)..#### ######## Turn 7740 on IceCv: ring of magical power # #≈ # #.# ######## ### ## #..###......####.###. ##=...........#....#. #..=@........##.##... ##..........###..#### ###......###.##...# ###.....#......## ####...)..#### ######## Turn 7742 on IceCv: +6 ring of strength .. #.## ## ≈≈≈# #≈ ≈≈≈ #≈ ≈≈ #.#≈ ######## ### #..###......####.## ##@...........#.... #............##.##. ##..........###..## ###......###.##... ###.....#......# ####...)..#### ######## Turn 7746 on IceCv: ring of ice too .......####P..........# ......................# ..........####÷###....# .........#≈.≈÷## ....# ...........≈.≈# ....# ............#≈## ....# .........#.÷≈#≈###....# #.###...≈#...≈#.#.....# #....#..≈#.....≈@.....# #....#..≈#............## . ...#..≈#####........P# P. ..+..≈≈≈≈≈....####..# #. P.##........# ## ... ##.##...## # #...# #...# ##..# Turn 7830 on Lair:1: Ice cave entrance is to the southeast of lair entrance. .......... >........ #+#.##.... +.#....#..## .....#.#.......# # [....#.#....#..# #. ....+.#....#..## ####.####+#.##.#....P...# ........@......#.......## ...............#'#.##.... ......................... ......................... ......................... ######..#####P.##..#P###. #### ########## ## Turn 7941 on Lair:1: dark potion - brilliance #. #...... #.# ##... #..#+.P ##.# #.#########P...## #.. ... ..# #................ .... $.. #.# #.............. .... .... #.## #............. ..... .... #..# #...........# ##.. .. #..# #..........# #.## #.........@# ....#.... ##.####........>.#.....$#...# #................+$.........# ##..##.######....#......P...# ##.##### ##....#..........# #..# #............#...## ##.# #.....#......#....#### #.## #.....####+##......... #..# #######.................... Turn 8008 on Lair:1: Book of Alchemy #P...................# #..>................. ##................... #.......##....~...... ##......~.~~~~~P..... ##.......~~~~~~~~..... #.#......~~~...~~~P... #......~~~.P~..~~~... ##..@..~~~......~~... #.....~~...>.~~~~... #.....~~..~.~..)~... #.....~~~..PP.~~~... #.....P~~~...~~~P... .......~~~~~~~~~.... ##......#.~~~~~~..... #.......#.P......... #......##.#..#P..... Turn 9249 on Lair:2: green potion - lignification ### # ##.#####P###.### .......<........ .......#@.#...# ....#.##.#...## ... ## ..# ..# . .... .# ..... # ......# ......## ..#..P.# Turn 9475 on Lair:3: Book of Scorching ### ### ### #######.#####P###.###### ............<........... ..........#..#...###P. #.....#.##.#...## ##. ## ###.....##...#...# ## #P.##.....@..........# #...........P........# ♣♣..♣♣♣..8........#..## ~~~.. ♣..........##...### ≈~~~w~≈ #.....#..P.##.....## ~≈≈~~~♣ ♣#......#..#........## ≈~~≈.. ♣♣..................... ♣♣♣... ♣...................... §[.♣ ♣♣♣.................... Turn 9817 on Lair:3: Hydras have come so close to killing me... ### ### ### ##### ##.#####P###.#######...##### .......<...................## .......#..#...###P.#...###..# ....#.##.#...#####.....P##.## ....##...#...###.###.#..#..# .............##∩@..#.#..##.## ....P........###.†.#.#......# ..........#..#####...#..##..# .........##...#####.##..#...# ....#..P.##.....#######.##..# .....#..#........###.##..#.## ...........................# ...........................# ...........................# Turn 10012 on Lair:3: Volcano entrance in the northeast. #++########## #............ #..........(. #########'##'###( #8...8# #.##.# #. #. #.....# ###### #. ###..##########.....##########. #~~....).........⌠............. #~~...........@8...8........... ###############.....########### ##''#''## #8..)..8# #.......# #.......# #8..∩..8# #.......# ##8.∩.8## Turn 10196 on Volcano: This volcano level is very interesting. .##~~~§§#~ ~~~~~§~§# ..#~~~~~~~# ..#§~~~~[~# ...#~~~~~~# ....#~~8~# #..#)~~# #..@#.# ##....# ############''###++########## #.............# #............ #........)....# #..........(. #..###'##'###########'##'###( #..# #.##.# #8...8# #.##.# #. #(.# ###### #.....# ###### #. ###..##########.....##########. Turn 10308 on Volcano: Beware of hell knight and deep elf pyromancer on the west. .. ##~§~##~~ ..##~~§~~#~ ..#~~~~§~~~# ...#~~§~~~~# ...#~~~~~[~# ...#~~~~~~# ....#~~8~# #..#@~~# #...#.# ##....# ############''###++########## #.............# #............ #........)....# #..........(. #..###'##'###########'##'###( #..# #.##.# #8...8# #.##.# #. #(.# ###### #.....# ###### #. Turn 10314 on Volcano: +3 demon whip of flaming ######### #§≈≈≈≈≈≈ #≈≈####### ## ###≈≈#*#~~~# ~#* #....###§§~##§~## #..@##~~~~~#~§~ #...#~~§~~~~~# #....#~~~~~~~# ##...#~~~~~[~# ##...#~~~~~~# ##....#~~~~# ####..#[~~# ##...#.# ##....# Turn 10341 on Volcano: Yeesh! ######### #####≈≈≈≈§§§ #.[@#§§####### ## #.###≈§#*#~~~# ~#* #.#....###~~~##§~## #..#...##~~~~~#~§~ ###...#~§~~~~~~# #....#~~~~~~~# ##...#~~~~~[~# ##...#~~~~~~# ##....#~~~~# Turn 10364 on Volcano: +1 battleaxe of flaming ....#~~~§~~~# #...#~~~~§[~# ##...#~~~~~~# ##....#~~~~# ####..#[~~# ##...#.# ##....# #########''###++############ ...........# #..@..........# ......)....# #..........(..# ###'##'###########'##'###(.# # #.##.# #8...8# #.##.# #..# # ###### #.....# ###### #..# ##########.....##########..### ..).........⌠..............~~# .........)8...8............~~# ##########.....############### Turn 10436 on Volcano: I guess this is one of those saunas, huh? ###### ## ≈≈≈≈≈ §≈≈≈≈ ####### #############≈≈#@..[.# #*#~~~#~~~#*#≈≈###...# ###§~~##§~###....##.## ##§§~~~#~~~§~##...#.# ~~~~§~~~#~~§~~~#...## #~~~§~~~#~~§§~~~#...# #~~~~§[~#~~~~~~~##..# .#~~~~~~#~~~§§~#...## ...#~~~~#~~~~##..### Turn 10502 on Volcano: +0 SInv helmet ### ## ≈≈ §≈≈≈≈ ####### ##########≈≈#...[.# ~~~#~~~#*#≈≈###...# §~~##§~###....##@## §~~~#~~~§~##...#.# ~§~~~#~~§~~~#...## ~§~~~#~~§§~~~#...# ~~§[~#~~~~~~~##..# ~~~~~#~~~§§~#...## #~~~~#~~~~##..### .#[~~#~~~#.)### ...#.#.#)..## Turn 10505 on Volcano: Also potions of haste. .. ..##... #...#......#.... .....+....+..... #...#.....#..... ## ##.. #........... ##P. #..####....#.#P.. ..... ##..##.....##...# ......##..#.P........... .......@................ ...###.#.###..#.####..## ##### ###### #### Turn 10708 on Lair:3: +3 scimitar ** **,,,,**,*,>,*,*,,,,,,,,,,,, ,* **,*,,*,*,,,,,,,*,,*,,,,,,,,, ** *,,,,,**,,,,⌠,,,,**,*,,,,**,* ,****,,,***,,,*****,,,***,,,***** ***,,,,,,*,,,** **,,,***,,** *,,,,,,,,.,,,######*#,,.**,,,* ,,,,,,**,...##..$.#.#...***,,** **,**,+,,...............,,+,,,** *****,,⌠,....⌠..@..⌠.[..,⌠*,,,,** ,****,,,,)..............,,,,,,,,* ,**,,,***....##.....#...,,*,,,,,* *****,,,*...**##.#(##,,.*,,,,,,,, * *,,,,#,,,**#####,,,*,,,,,,,,, * **,,,,**,,,*,***,,,**,,,,,,,,, *,,,,,***,,,,⌠,,,,**,,,,,,,,,, * **,,,** **,,,,,,,**,,,,,,,,,,, * *,,,,,** ***,<,,,**,,,,,,,,,,, Turn 11174 on Lair:4: YRINTO VUALONY - magic mapping ###...#.##..P[..~......# #.P........~~♣♣≈~♣....## P#.........~♣≈....≈≈...# ..........♣≈♣.....≈≈~..# .........~♣~.......♣≈~..# #........≈≈.........♣♣~.# #.......P≈....[.....≈♣~.# #.......~♣~...†.....~♣~.## ..#..#....♣≈~...@).....♣~..# ..........~♣..........♣≈~..# ....#......♣≈.........♣~...# ............♣♣♣.....♣≈≈....# ..............≈≈~~..≈≈....# ..§...........P♣♣♣≈♣♣....## ≈≈≈.≈..........~P.~~..##.# ....≈§...................# ....≈§.##.#.##....###.#..# Turn 11773 on Lair:2: +2 falchion of flaming for all that trouble. :/ ## *,...#.**** *,,*,,,,*,*,*** .## **........#* **,,,,,***,** ..## ##...≈≈≈≈..## ***,,,* *** ...###P..≈≈≈≈≈≈..### *,.** *** ** ....#...≈≈≈≈≈≈≈≈...###..,***,***, ##......≈≈≈≈§§§≈........,,,,,,**, #......≈≈≈≈§≈≈≈........,,,,,,**, ##.....≈≈≈≈§§§§........,,,,,*,** ##.....§≈§≈≈≈.@...#,,***,**,*** ##.....≈≈≈≈....##...#,****** * ##...........##**,,.*** * ##....#..#..#***,,**,******* #..#...#####,,*,,,**,,**,*, ##..)........,,,,,,,,,,,,,, #.##.PP.....,,,,,,,,,,,,,, ####.P......,,,,,,,,,,,,,, ###.#.P.#**,******,**** Turn 12137 on Lair:4: Vault: deep water and lava *,***** *******,,,*,*##### **,,,,,,,,,,,,...#### **,,,,,,,,,,,,....#.* **,,,,,,,,,,*,,....## *****,,,*,***,*.....## * ******* **##.....## * #....$.P#** * ##############@?....#.* ###.#.##.##..##.....[..#* .....[.......###........*** .................###....,,* #.†.#......[....## **#..,,** #.##...##.#.....### *,.,,,** #**#..######......# **,,,,,** ##..P# ##....##** **,,,>,** ###...### #P......*##**,,,,,*** Turn 12512 on Lair:4: scarf of harm ***,,,*.###### ,,,,,,,......#### ,,,,,,,,......#.* ,,,,,,,,*......## *,,,*,***,#.....## ******* **##.....## #....$.P#** ############[.....#.# #.##.##..##.....@..#* .[.......###........#** .............###......# #......[....## ###....#* ...##.#.....### *.....#* ..######......# *#...P.** ..P# ##....##** *#.P.>,** ..### #P......*##*#...,,*** ..#.# #.........# ***,,,,,* Turn 12520 on Lair:4: I'd rather take the plain cloak. ***** *** *** *** ***,*,***,#**,* *,## ******* ,,,,,,,,,...,**###.####.,,*,****# ,*,*,*,*,#.#.* #.#......,,,,,,,*# ,,,,,,,,,,...###......,,,,,,,,,*# ,*,*,*,*,*,#......P..,,,,,,,,,,*# ,,,,,,,>,,,,#......#**,,,,***,**# ,*,*,*,*,#.##.....#* ****** **,* ,,,,,,,,,.......@### ###### *** **,*,*,*,#.#.......###.##.# ### *,,,,,,,,...#.#P..#.###..#####.## **,*,*,*,#,#.*#.....#.....P...... *,,,,,,,,,..**###...#............ **,*,*,*,#.** ##.#............#. **,**,,,.,,* #.......###...P##. ***,,,,*,** #.......# #...#### ***,,,**** **#....#### #...# Turn 12651 on Lair:4: murky white potion - cancellation **#....#.## #...... ###...#### **#....## ###....## ##.......# #P.)..## #.......#. ##...P# **....#.#.. #.<..## **,...##.#.> ##....# ##,*,,#.#.... #...## #...,,##....⌠ #...@####...###...### #...###......#...## #...#............#### #....,,...##....##... *#...#*,*#.+.......... ******....#***#..⌠.....⌠..< ***~~~,......*###....)....... *~*~,,.$....,*#...###....##.. *~~~,,,,,,,,**###...#...####. Turn 12876 on Lair:4: lumpy amethyst potion - ambrosia #.#..P# ## #.#..## ..<##...# #.##..## #.....# #P.P##.## ##.##...## ## #....## #....@# #.#...# ####..# #.## #.# ... #.. P.# Turn 13303 on Lair:5: smoky pink potion - resistance #........# ##.# ##..#....## ##.. ##.##....###..# ### #..#...#..#.#.# #~##♣###............. #~~♣.....#.#......... ##♣♣~.......###...#..## #~~~~......P.##...#### #~~≈~~@.......##.## ### #~~~~.....#....#.# ##.# ##~~~.....###.#..###... ##~♣~~#.####....†..... #########....#....... #.#..#...>_... ###..#......## #....####.### ##...####.# # Turn 14045 on Lair:5: I am anticipating an elaborate end vault... #$$D...#§≈ .. $.....+. # ..≈§ $.....+ .l # 8≈....≈§§# $.... §§§ # #≈≈....§§##[... #≈≈ # #≈§§....≈.######§## # ≈≈≈§...≈≈..≈≈§≈≈≈## # #≈§...#≈≈≈.#≈§§≈≈# # #§≈....##@..## # #≈..........## # #≈...........# # ##..........## ##.........## ## #.........8# .# #...†####.## .## ##..## #8#8# ..# #.†# ## ## Turn 14270 on Lair:5: Fiery ending. Lots of reptiles! #§≈≈§#.....#.....## #§≈≈ ##P# #§≈≈≈#†÷...≈#.....##≈≈### #..< ##≈##..÷#...≈§...###≈§≈≈≈≈ ###. #≈≈#...§###≈≈≈≈#..#§≈≈# ##. §≈.§##≈§≈≈§≈≈≈≈§≈..≈###### #P. ≈§...#≈§######≈≈≈#...#8#8# ##. ≈≈...§≈##$§..##≈≈###....## # ## ≈...§≈≈#$$§§§§#≈≈#......8# ≈# §...≈≈≈#$.§§§§§.@.......## ≈ §...≈≈≈#$...§§§..8.......##≈## ....≈§§#$$..§.#≈≈§........#§≈# §....≈≈##[...##§≈..........≈≈# ≈≈....≈.######≈##.........≈§## ≈≈.§..≈≈..§§§≈≈≈##........≈≈# #≈≈...#≈§§§#§§≈≈≈#.....#.§≈## #≈≈....##...##≈ ##..#8#.§§# ##≈.....8....## ##8###≈§## Turn 14645 on Lair:5: Killed a fire dragon. .## #§§##8..........## ≈# ..# ##≈≈†......#.....# ##≈≈ ..# #§≈≈§#.....#.....## #§≈≈ ### #§≈≈≈#†÷...§#.....##≈≈### # ##≈##..÷#...§≈...###≈§≈≈≈≈ # ##≈≈#...≈###≈≈≈≈#..#§≈≈# ##§≈.§##≈§≈≈≈≈§≈≈≈§..≈###### #8≈§...#≈§######≈≈≈#...#8#8# ##≈≈...§≈##@...##≈≈###....## ##≈≈...§≈≈#...☼..#≈≈#......8# #8§§...≈≈≈#..°§..'.........## # ##≈§...≈≈≈#....§§☼§§8.......# # #8≈....≈§§#....§.#§§≈§....... # ##≈§....≈≈##[...##≈§.§....... # #≈≈≈....≈.######≈##......... # #≈≈≈.§..≈§..§≈§≈≈≈##........ # #≈§§#≈≈...#§§≈.#≈≈≈≈≈#.....#.§ Turn 14665 on Lair:5: 132 gold pieces in the dragon's vault. #. #. .. ##.## ...# #..# #..# #.@# #..# #.<# #.## #. #. #. .. #. Turn 14939 on D:9: amulet of faith #.# #.# #.# #.# . #.# ....####.#### ............# ..######.##.# #....#@# #.#..#.# #.#..#.# #.#."#.# #.#..#.# #.#.<#.# #.#.##.# #.#.##.. #.# Turn 14951 on D:9: Book of Flames #.# ###..## #.# #_....# #.# ###..## #.# #8....# #.##### ###..### #.#... #_...._# ##### #.##.# ###..### #####...###§##8##########_...._# ........).§§§§§@........##8..8## #####...###§##§########...[..### #...# #.##§#####.......##### #...# #6#......'.......'.... ##### #.########.......#.... #.. ####.>..#.### ..# #....#.# # ... #....#.# # .._ #....#.# # Turn 15193 on D:9: Well, that was easy. #.# #8.. #.##### ###. #.#... #_.. ##### #.##.# ###. #####...###.##.##########_.. ........).))))..........##8. #####...###○##.########...[. #...# #.##.#####.......# #...# #@#......'.......' ##### #.########.......# #.. ####.>..# o.## #....# ... #....# ..._ #....# o..D ###### .o8.._ # Turn 15227 on D:9: I think that's the first orc warrior in this game. #...............# # ........._.....## ..........._...# .........#...### ###......#..## #####....####### ####.......# #######.# #@# . #...).... ... ###...... ... .##... ..# # .. Turn 15539 on D:9: Book of Lightning ######################### ...........)....@§§§§§§§| ######################### #.......# #.......# #....<..# ######...# ###8..##...# #.....##...# ###..###'### Turn 15905 on D:9: >Harold falls down, and clutches his wounds. "But I was going to get a nice plot of land..." ######################## ........)......)@....|.. ######################## #.......# #.......# #....<..# ######...# ###8..##...# #.....##...# ###..###'### Turn 16037 on D:9: He has a +3 chain mail of cold resistance. ##################### ..)......).....|@...# ###################.# #.......# #.......# #....<..# ######...# ###8..##...# #.....##...# ###..###'### Turn 16043 on D:9: staff of conjuration #.. #....####.## ... ##..##......##..##... #....#..........#.... ........†...#..... #.....##.#..# . #...........# ... ##..#..#.#..### .....####.######....# ..........### #.@##....# ########..<.###.## ..## #......#. ... #.......... .#: ####....... # ....... .#..... ..#..#.# ...#### Turn 16269 on D:10: Maybe I should have gone for Vehumet. ...†...#..... ##### ....##.#..# ....# ..........# ...# ..#..#.#..### ...## #.######....##....# ..### #..##....### ..<.###.##....##.## ......#..##.......#### ..........##...#@....# ###.......#....##....... #.........#....# ##..... ....#.....###.## #..# #...#..#.## ### ## ##....#### #....# ##.### ## Turn 16292 on D:10: Book of the Senses .... ....... ##. .# .......#####. ##..##.. ......##...##......... ....##...##..##....# #..##.§°##..##..... ####..#8''#....#..... #..'..†.†..........†. #g.'@.........#.....# ####.........##...... #..........###..#.. ............####.### ######......††....### ###########..<.# #..... #..... ####.. Turn 16380 on D:10: Interesting Grum vault. .... ....... ##. .#. .......#####. ##..##... ......##...##......... ....##...##..##....## #..##.§.##..##...... ####§§#8''#....#...... #.§§§.†.†..........†.. #.§g§@........#.....## ####§........##....... #..........###..#..# ............####.#### ######......††....### ###########..<.## #...... #...... ####... Turn 16383 on D:10: LOL he is wielding a -1 spear ##...##....## ##.....)†..# .... #.....##.## g... ##...##...# wg..> ##8."###.## §go.. #....# #..# §§§o.. #....# #.#######y§§... ###.#### #.......§g..... ....# ####.#....@....... ###.###....#..#.8......# ..............###...#.## .......###....##....#. ......#####..##..##... .## .....##...##.........###.. .. .....##...##..##....####.## ... .##..##...##..##......##..##... ####..#†''#....#..........#.... Turn 16614 on D:10: What's with all of these Swamp enemies? #....# #.#..# #...## #.#..# #.##.## ..##..# ...###.# .8.####..# ......(@.# .....###### ## Turn 17085 on D:10: 264 gold for +1 chain mail with regen+ ..D....... #......... #......... #......... #......... ##......... #.......... #.......... #.@........ #.......... #.......... #.......... ########### Turn 17334 on D:12: Landed right on top of a condenser vane. ...... ........................ ...............?.[...... ........................ ........................ ........................ ........................ ........................ ................@....... ######################## Turn 17355 on D:12: Very open floor it seems like... #.......... #.......... #.......... #...$...... #.......... #................... #................... #####..@................ ........................ ........................ ........................ ...........<............ ........................ ........................ ........................ .#####.................. Turn 17442 on D:12: Book of the Wilderness ...... #........ ...... #........ ...... ########....... ..... #............#+########. #....!.......#........#. #............+....<...#. #............#........#. #......@.....#...##..... ########.....#...##..### ####'##........# #.............# #.............# #.............# ############### Turn 17483 on D:12: +4 ring of evasion ..... ... ###'####### #.......... ... #.......... ..... ####.....V.... ...?. ..##....##.##. ####...# ..##....#####.##.##...# ................@.....# ......................# ......................# #.... ####..................# #.... ##<.................# ..#.... #.............†.....# ...#.... #...................# ...#.... ##....##...###'###..# ...#.... #....##...###..##..###...#.... Turn 17632 on D:12: wand of digging

(7)
##...##.####'##'###.....########.
##...######.............#.....#..
..........#.............'.....#..
..........#.............#..[..'..
..........#.............#.....#..
####'####'#.............#######..
............############.........
............#...#......#.........
............#...@......#.........
............#...#......#.........
............#...#......#.........
............##..########.........
#'############..####...#.........
.............#.........#.........
.............#.........'.........
.............#.........#.........
...##.##.#####...#######.........


Turn 18067 on D:12: Very open floor! #......# #...#..# #...#..# #......#
#......# #......# #......# +##########.....@# .....##...#......#
.....<....#......# ..........#....8.# ##........'.#....# #........#.#....#
#........#......# #........#.)....# ##########......# Turn 18144 on D:13: Yeesh!
#......# #...#..# #...#..# #......# #......# #......# #......#
+##########.....@# .....##...#......# .....<....#......# ..........#....8.#
##........'.#....# #........#.#....# #........#......# #........#.)c.c.#
##########......# Turn 18147 on D:13: Okay. I played really sloppily here.

Levels and vault maps discovered:
D:1:      onia_arrival_mini_spirals, layout_loops_ring,
          hellmonk_ecumenical_altar_heavens_door
D:2:      layout_loops_cross, basic_altar, minivault_24,
          minmay_fractal_squares_gapless_5
D:3:      layout_rooms
D:4:      gammafunk_steamed_eel, layout_loops_cross, nicolae_shop_fire_sale
          [nicolae_sub_dead_trees], uniq_pikel
D:5:      layout_basic, lemuel_doored_altar, minmay_temple_entry_offerings,
          nrook_mini_backslash
D:6:      layout_basic, lightli_sewer_entry_pipes, serial_shops,
          kennysheep_mini_moat
D:7:      layout_layer_cave, serial_shops, shop
D:8:      layout_rooms, dpeg_lair_monsters, dk_vineyard_2,
          minmay_misc_feat_tower, dilly_guarded_unrand_morg
D:9:      layout_basic, grunt_temple_overflow_open, minitemple, uniq_harold,
          uniq_amaemon, uniq_prince_ribbit1
D:10:     layout_cave_pools, serial_gnoll_camp, grums_kennel,
          gnoll_camp_mini_shop, gnoll_camp_medium_01, gnoll_camp_mini_hut,
          serial_shops, shop, minmay_guarded_unrand_vampires_tooth
D:12:     layout_gridville
D:13:     layout_stronghold, uniq_rupert, uniq_nessos
Temple:   bh_familiar_temple
Lair:1:   layout_chaotic_city, portal_ice_cave_rime, minivault_23
Lair:2:   layout_chaotic_city, guppyfry_snake_entry_island,
          nicolae_lair_grazing_beasts [nicolae_sub_lair_graze_edge,
          nicolae_sub_lair_graze_edge, nicolae_sub_lair_graze_edge,
          nicolae_sub_lair_graze_edge], infiniplex_staircase_pool_2
Lair:3:   layout_regular_city, palyth_hydra_swamp_entry, enter_volcano_3
Lair:4:   layout_concentric_octagons, nicolae_quartered_pool_impasse,
          st_stairs_10, grunt_megastairs_5, lemuel_fruit_fields,
          serial_bayou_shore_b
Lair:5:   cheibrodos_lair_end_hotspot, layout_loops_ring, slime_entry_1,
          serial_bayou_shore_b, serial_bayou_shore_b

Skill      XL: |  1  2  3  4  5  6  7  8  9 10 11 12 13 14 |
---------------+-------------------------------------------+-----
Fighting       | 1 2 3 4 6 7 |  7.4
Stealth        | 2 3 4 6 |  6.4
Air Magic      | 4 5 7 8 10 11 13 | 13.5
Staves         | 1 2 4 6 7 |  7.2
Evocations     | 1 2 3 |  3.0
Dodging        | 3 |  3.0
Spellcasting   | 4 7 9 12 14 16 | 16.0
Poison Magic   | 3 |  3.0
Summonings     | 1 3 |  3.0
Ice Magic      | 3 5 6 |  6.0
Conjurations   | 2 3 |  3.5
Shields        | |  0.5

Action                   |  1- 3 |  4- 6 |  7- 9 | 10-12 | 13-15 || total
-------------------------+-------+-------+-------+-------+-------++-------
Melee: Hand axe          |    70 |     3 |       |       |       ||    73
       Tailslap          |     7 |    12 |    18 |    40 |    13 ||    90
       Unarmed           |     1 |       |       |       |       ||     1
       Staff             |       |    93 |   148 |   231 |   116 ||   588
       Punch             |       |     1 |     1 |     3 |     1 ||     6
 Cast: Shock             |    37 |    29 |    38 |    72 |   131 ||   307
       Static Discharge  |     5 |    14 |    35 |    28 |    21 ||   103
       Summon Small Mamm |     1 |       |       |       |       ||     1
       Poisonous Vapours |       |     5 |    21 |     5 |     4 ||    35
       Swiftness         |       |     1 |       |     5 |     1 ||     7
       Airstrike         |       |       |    15 |    66 |    59 ||   140
       Summon Lightning  |       |       |       |    34 |    53 ||    87
       Corpse Rot        |       |       |       |     5 |     1 ||     6
       Freezing Cloud    |       |       |       |     5 |    37 ||    42
       Lightning Bolt    |       |       |       |       |     6 ||     6
 Abil: Breathe Steam     |       |       |     9 |    16 |     5 ||    30
Evoke: Wand              |       |       |       |    10 |       ||    10
  Use: Scroll            |       |    11 |     6 |    13 |     4 ||    34
       Potion            |       |       |       |     4 |     3 ||     7
 Stab: Sleeping          |     3 |     2 |       |       |       ||     5
       Distracted        |       |     1 |       |     2 |     2 ||     5
Armor: Skin              |    28 |    28 |    55 |   136 |    55 ||   302
Dodge: Dodged            |    45 |    63 |   102 |   237 |    78 ||   525
Block: Buckler           |       |       |       |       |     5 ||     5
